 Dungeon Crawl Stone Soup version 0.27-a0-951-gae3e1deef5 (webtiles) character file.

Game seed: 17793833815488117154

24052 Demosthentine the Impaler (level 13, -19/108 HPs)
             Began as a Merfolk Gladiator on Apr 11, 2021.
             Was a Priest of the Shining One.
             Demolished by an enormous slime creature (82 damage)
             ... on level 12 of the Dungeon.
             The game lasted 00:19:12 (16494 turns).

Demosthentine the Impaler (Merfolk Gladiator)      Turns: 16494, Time: 00:19:12

Health: -19/108    AC:  9    Str: 14    XL:     13   Next: 10%
Magic:  18/18      EV: 24    Int:  8    God:    the Shining One [***...]
Gold:   1614       SH:  0    Dex: 18    Spells: 12/12 levels left

rFire    . . .     SeeInvis .   a - +1 trident
rCold    . . .     Faith    .   (no shield)
rNeg     + . .     Spirit   .   F - +0 troll leather armour
rPois    .         Reflect  .   c - +0 helmet
rElec    +         Harm     .   v - +0 cloak
rCorr    .         Rampage  .   u - +0 pair of gloves
Will     +....                  (no boots)
Stlth    +.........             p - amulet of Xinn {Acrobat Drain rElec Will+}
HPRegen  1.28/turn              B - +4 ring of evasion
MPRegen  0.16/turn              d - +4 ring of slaying

@: glowing, studying 2 skills
A: (nimble swimmer 2), mertail, weak 1
a: Renounce Religion, Divine Shield


You were on level 12 of the Dungeon.
You worshipped the Shining One.
The Shining One was most pleased with you.
You visited 2 branches of the dungeon, and saw 13 of its levels.

You collected 1614 gold pieces.

Inventory:

Hand Weapons
 a - a +1 trident (weapon)
Missiles
 t - 5 atropa-tipped darts (quivered)
 A - a curare-tipped dart
Armour
 c - a +0 helmet (worn)
 u - a +0 pair of gloves (worn)
 v - a +0 cloak (worn)
 F - a +0 troll leather armour (worn)
Jewellery
 d - a +4 ring of slaying (right hand)
 p - the amulet of Xinn (around neck) {Acrobat Drain rElec Will+}
   (You found it on level 8 of the Dungeon)

   [amulet of the acrobat]

   It increases your evasion while moving and waiting.
   It insulates you from electricity.
   It drains your maximum health when unequipped.
   It increases your willpower.
 B - a +4 ring of evasion (left hand)
 E - a +6 ring of intelligence
 G - a +4 ring of slaying
Wands
 n - a wand of digging (7)
 o - a wand of flame (55)
 x - a wand of paralysis (9)
 C - a wand of charming (11)
Scrolls
 b - a scroll of fear
 h - a scroll of blinking
 l - 2 scrolls of teleportation
 m - 4 scrolls of identify
 r - 3 scrolls of enchant weapon
 s - 2 scrolls of magic mapping
 w - 2 scrolls of amnesia
 D - 3 scrolls of vulnerability
Potions
 e - 3 potions of brilliance
 f - 4 potions of attraction
 g - 5 potions of mutation
 i - 4 potions of lignification
 j - a potion of flight
 k - 3 potions of curing
 q - a potion of cancellation
 z - 2 potions of berserk rage


   Skills:
 + Level 12.0 Fighting
 + Level 15.2 Polearms
 - Level 2.0 Throwing
 + Level 6.7 Armour
 + Level 14.1 Dodging
 - Level 7.8 Invocations


You had 12 spell levels left.
You didn't know any spells.
Your spell library contained the following spells:

 Spells                   Type           Power      Damage    Failure   Level
 Corona                   Hex            0%         N/A       47%         1
 Magic Dart               Conj           0%         1d3       47%         1
 Summon Small Mammal      Summ           0%         N/A       47%         1
 Call Imp                 Summ           0%         N/A       63%         2
 Ensorcelled Hibernation  Hex/Ice        0%         N/A       63%         2
 Passwall                 Tmut/Erth      0%         N/A       63%         2
 Call Canine Familiar     Summ           0%         N/A       85%         3
 Confusing Touch          Hex            0%         N/A       85%         3
 Dazzling Flash           Conj/Hex       0%         N/A       85%         3
 Summon Guardian Golem    Hex/Summ       0%         N/A       85%         3
 Tukima's Dance           Hex            0%         N/A       85%         3
 Summon Ice Beast         Ice/Summ       0%         N/A       99%         4
 Summon Lightning Spire   Summ/Air       0%         N/A       99%         4
 Fireball                 Conj/Fire      0%         3d3       100%        5
 Silence                  Hex/Air        0%         N/A       100%        5
 Blade Hands              Tmut           0%         N/A       100%        6
 Conjure Ball Lightning   Conj/Air       0%         3x3d6     100%        6
 Tornado                  Air            0%         N/A       100%        9


Dungeon Overview and Level Annotations

Branches:
Dungeon (12/15)            Temple (1/1) D:7            Lair (0/6) D:9
    Orc (0/2) D:10

Altars:
Ashenzari
Cheibriados
Dithmenos
Elyvilon
Fedhas
Gozag
Hepliaklqana
Kikubaaqudgha
Makhleb
Nemelex Xobeh
Okawaru
Qazlal
Ru
Sif Muna
Trog
Uskayaw
Vehumet
Wu Jian
Xom
Yredelemnul
Zin
The Shining One

Shops:
D:9 *

Annotations:
D:3 3 runed translucent doors, cityswimmer's ghost, amateur DsCK
D:6 4 runed translucent doors, Crazy Yiuf; Orlauf's ghost, novice DsGl


Innate Abilities, Weirdness & Mutations

((You are quick and stealthy near water. (Stealth+, EV+, Speed+++)))
Your lower body shifts to a powerful aquatic tail in water.
You are weak. (Str -2)


Message History

You puncture the large slime creature!
The large slime creature is severely wounded.
The large slime creature hits you but does no damage.
You puncture the large slime creature!
The large slime creature is severely wounded.
You hit the large slime creature.
The large slime creature is severely wounded.
The large slime creature completely misses you.
You puncture the large slime creature!
The large slime creature is severely wounded.
Two slime creatures merge to form a very large slime creature.
You completely miss the very large slime creature.
The very large slime creature is severely wounded.
You hit the very large slime creature.
The very large slime creature is severely wounded.
The very large slime creature hits you!!!
The slime creature quivers.
You are too injured to fight recklessly!
You are too injured to fight recklessly!
You are too injured to fight recklessly!
You puncture the very large slime creature!
The very large slime creature is severely wounded.
Two slime creatures merge to form an enormous slime creature.
You hit the enormous slime creature.
The enormous slime creature is severely wounded.
There is an open door here.
There is an open door here.
The enormous slime creature jiggles.
Things that are here:
a +0 giant spiked club; a +0 giant spiked club You hit the enormous slime creature.
The enormous slime creature is severely wounded.
The enormous slime creature barely misses you.
You puncture the enormous slime creature!
The enormous slime creature is severely wounded.
You puncture the enormous slime creature!
The enormous slime creature is severely wounded.
The enormous slime creature hits you!!!!
Ouch! That really hurt!
You die...

......# +......#
....<.# #......#
......+ #......#
......# #......#
...JJ.# #......#
.....># ####'###
####'## #.## ###..#
#..# #...## ##@#
#.### ########J##
#'### #.........#
....### #.....))..#
....'.# #.........#
....#.###.........#
....#..##.........#
....##............#
#########.........#


You could see an enormous slime creature.

Vanquished Creatures
  2 hydras (D:11)
  Harold (D:9)
  A boulder beetle (D:11)
  5 two-headed ogres
  A tengu warrior (D:11)
  Urug (D:11)
  A fire crab (shapeshifter) (D:11)
  A skeletal warrior (D:11)
  2 deep elf pyromancers (D:12)
  2 cyclopes
  A shining eye (shapeshifter) (D:11)
  An ugly thing (D:11)
  Maurice (D:11)
  3 gargoyles
  A freezing wraith (D:11)
  2 kobold demonologists
  A komodo dragon (D:11)
  7 trolls
  A meliai (D:8)
  Grinder (D:4)
  A hornet (D:11)
  Prince Ribbit (D:6)
  A meliai zombie (D:11)
  Sigmund (D:3)
  A shadow (D:12)
  3 wyverns
  3 yaks (D:9)
  Eustachio (D:6)
  2 wraiths (D:11)
  7 vampire mosquitoes (D:12)
  2 acid dragons
  A water moccasin (D:7)
  A sky beast (D:6)
  2 black bears
  3 orc warriors
  3 ice beasts
  2 necrophages
  7 centaurs
  3 ogres
  2 kobold brigands
  Blork the orc (D:4)
  5 bullfrogs
  2 gnoll sergeants
  A water moccasin zombie (D:6)
  A scorpion (D:5)
  A water moccasin skeleton (D:6)
  20 killer bees
  7 wights
  4 howler monkeys
  A crimson imp (D:7)
  5 centaur zombies
  6 orc priests
  An iguana (D:5)
  Jessica (D:3)
  13 orc wizards
  A howler monkey zombie (D:5)
  8 gnolls
  16 adders
  A white imp (D:5)
  3 ufetubi
  A worm (D:3)
  A dart slug (D:4)
  21 orcs
  6 ball pythons
  4 bats
  6 endoplasms
  2 giant cockroaches (D:4)
  7 goblins
  7 hobgoblins
  5 jackals
  19 kobolds
  A quokka (D:4)
  2 frilled lizards
  A goblin skeleton (D:7)
  5 hobgoblin zombies (D:7)
  A kobold skeleton (D:7)
  A kobold zombie (D:7)
  2 orc skeletons (D:7)
  A quokka skeleton (D:4)
  8 rats
282 creatures vanquished.

Vanquished Creatures (others)
  A fungus (D:9)
  25 plants
26 creatures vanquished.

Grand Total: 308 creatures vanquished

Notes
Turn   | Place    | Note
-------+----------+-------------------------------------------
     0 | D:1      | Demosthentine the Merfolk Gladiator began the quest for the
                  | Orb.
     0 | D:1      | Reached XP level 1. HP: 16/16 MP: 1/1
   119 | D:1      | Found a faded altar of an unknown god.
   165 | D:1      | Reached XP level 2. HP: 23/23 MP: 2/2
   594 | D:2      | Reached XP level 3. HP: 21/28 MP: 3/3
   715 | D:2      | Reached skill level 5 in Polearms
   806 | D:2      | Reached skill level 1 in Armour
   806 | D:2      | Reached XP level 4. HP: 25/35 MP: 4/4
  1463 | D:3      | Noticed Sigmund
  1474 | D:3      | Killed Sigmund
  1475 | D:3      | Reached skill level 6 in Polearms
  1475 | D:3      | Reached skill level 5 in Dodging
  1475 | D:3      | Reached XP level 5. HP: 42/42 MP: 5/5
  1475 | D:3      | Reached XP level 6. HP: 48/48 MP: 6/6
  1628 | D:3      | Noticed Jessica
  1646 | D:3      | Killed Jessica
  1699 | D:3      | Found a runed translucent gate.
  1699 | D:3      | Found a runed translucent gate.
  1699 | D:3      | Found a runed translucent gate.
  1701 | D:3      | Noticed cityswimmer's ghost (amateur DsCK)
  1950 | D:3      | Identified a scroll of acquirement
  1950 | D:3      | Acquired 1027 gold pieces
  2248 | D:4      | Noticed Blork the orc
  2266 | D:4      | Killed Blork the orc
  2540 | D:4      | Reached XP level 7. HP: 30/55 MP: 7/7
  2743 | D:4      | Noticed Grinder
  2779 | D:4      | Killed Grinder
  2780 | D:4      | Reached skill level 7 in Polearms
  3249 | D:4      | Reached skill level 5 in Fighting
  3577 | D:5      | Entered Level 5 of the Dungeon
  3829 | D:5      | Reached XP level 8. HP: 56/62 MP: 8/8
  4347 | D:5      | Reached skill level 8 in Polearms
  4680 | D:6      | Noticed Prince Ribbit
  4700 | D:6      | Killed Prince Ribbit
  5291 | D:6      | Reached skill level 9 in Polearms
  5562 | D:6      | Reached XP level 9. HP: 70/70 MP: 9/9
  5588 | D:6      | Found a runed translucent door.
  5589 | D:6      | Noticed Crazy Yiuf
  5612 | D:6      | Noticed Eustachio
  5657 | D:6      | Killed Eustachio
  6210 | D:6      | Found a runed translucent gate.
  6286 | D:6      | Noticed Orlauf's ghost (novice DsGl)
  6287 | D:6      | Found a runed translucent gate.
  6287 | D:6      | Found a runed translucent gate.
  6292 | D:6      | Noticed a seven-headed hydra
  6507 | D:7      | Found a staircase to the Ecumenical Temple.
  6532 | Temple   | Entered the Ecumenical Temple
  6960 | Temple   | Became a worshipper of Elyvilon the Healer
  7403 | D:7      | Reached skill level 10 in Polearms
  7709 | D:7      | Found a glowing golden altar of the Shining One.
  7723 | D:7      | Fell from the grace of Elyvilon
  7723 | D:7      | Became a worshipper of the Shining One
  7936 | D:7      | Reached skill level 5 in Armour
  8438 | D:8      | Reached XP level 10. HP: 78/80 MP: 10/10
  8449 | D:8      | Noticed a cyclops
  8625 | D:8      | Reached skill level 10 in Dodging
  9280 | D:8      | Noticed a boulder beetle
  9288 | D:8      | Noticed a gargoyle
  9494 | D:8      | Reached skill level 11 in Polearms
  9508 | D:8      | Killed a cyclops
  9561 | D:8      | Killed a gargoyle
  9585 | D:8      | Identified the amulet of Xinn {Acrobat Drain rElec Will+}
 10068 | D:9      | Reached skill level 1 in Invocations
 10068 | D:9      | Reached * piety under the Shining One
 10296 | D:9      | Found Loamuk's General Store.
 10364 | D:9      | Noticed a kobold demonologist
 10375 | D:9      | Noticed a rust devil
 10375 | D:9      | Killed a kobold demonologist
 10896 | D:9      | Reached skill level 12 in Polearms
 10913 | D:9      | Noticed Harold
 10948 | D:9      | Killed Harold
 10949 | D:9      | Reached XP level 11. HP: 29/89 MP: 11/13
 11507 | D:9      | Found a staircase to the Lair.
 11998 | D:10     | Entered Level 10 of the Dungeon
 12491 | D:10     | Noticed a two-headed ogre
 12501 | D:10     | Killed a two-headed ogre
 12712 | D:10     | Found a staircase to the Orcish Mines.
 12758 | D:10     | Reached skill level 10 in Fighting
 13215 | D:11     | Noticed a two-headed ogre
 13229 | D:11     | Reached skill level 13 in Polearms
 13235 | D:11     | Killed a two-headed ogre
 13236 | D:11     | Reached skill level 5 in Invocations
 13482 | D:11     | Noticed Maurice
 13502 | D:11     | Killed Maurice
 13552 | D:11     | Noticed a seven-headed hydra
 13574 | D:11     | Killed a seven-headed hydra
 13871 | D:11     | Reached ** piety under the Shining One
 13871 | D:11     | Noticed a skeletal warrior
 13893 | D:11     | Noticed Urug
 13905 | D:11     | Killed Urug
 13906 | D:11     | Reached XP level 12. HP: 34/99 MP: 14/16
 14487 | D:11     | Noticed a boulder beetle
 14517 | D:11     | Killed a boulder beetle
 14518 | D:11     | Reached skill level 14 in Polearms
 14626 | D:11     | Identified the -2 pair of boots of Wonder {rF+ rCorr Str+6
                  | Stlth-}
 14749 | D:11     | Noticed a tengu warrior
 14956 | D:11     | Killed a tengu warrior
 15114 | D:11     | Gained mutation: You are weak. (Str -2) [a shining eye]
 15293 | D:11     | Noticed an eight-headed hydra
 15303 | D:11     | Killed an eight-headed hydra
 15655 | D:11     | Noticed a two-headed ogre
 15666 | D:11     | Killed a two-headed ogre
 15774 | D:11     | Acquired a manual of Armour
 15911 | D:12     | Reached skill level 15 in Polearms
 15912 | D:12     | Identified the Reference Book on Shifting Attacks
 15928 | D:12     | Reached XP level 13. HP: 104/107 MP: 18/18
 15947 | D:12     | Reached *** piety under the Shining One
 16494 | D:12     | Demolished by an enormous slime creature

Illustrated notes

Levels and vault maps discovered:
D:1:      minmay_arrival_jagged, layout_basic, ebering_ecumenical_altar_webs,
          hangedman_decor_push
D:2:      layout_loops_ring
D:3:      layout_basic, ebering_ghost_rock_garden, uniq_jessica, uniq_sigmund
D:4:      layout_rooms, minmay_snake_closets, uniq_blork_the_orc, uniq_grinder
D:5:      layout_rooms
D:6:      layout_loops_corners, gammafunk_ghost_split, uniq_prince_ribbit1,
          uniq_crazy_yiuf_cottage, uniq_eustachio
D:7:      layout_loops_ring, nicolae_tso_besieged_by_evil, temple_green
D:8:      layout_basic, onia_ninara_dug_in_and_dangerous
D:9:      layout_basic, dpeg_oklobed_lair, serial_shops, shop_fountains,
          serial_bayou_pond_c, uniq_harold
D:10:     layout_basic, orc_0_dummy
D:11:     nzn_winding_woodlands_stair_cross [nzn_winding_woodlands_5x15_eye,
          nzn_winding_woodlands_center_triple_pond,
          nzn_winding_woodlands_5x15_sawtooth,
          nzn_winding_woodlands_5x5_default,
          nzn_winding_woodlands_5x5_perimeter,
          nzn_winding_woodlands_5x15_garden,
          nzn_winding_woodlands_center_garden,
          nzn_winding_woodlands_5x15_concentric], layout_gridville, uniq_urug,
          uniq_maurice
D:12:     layout_roguey, gammafunk_ghost_hydra_chop
Temple:   kilobyte_greek_temple

Skill      XL: |  1  2  3  4  5  6  7  8  9 10 11 12 13 |
---------------+----------------------------------------+-----
Polearms       | 5 6 7 9 10 12 13 15 | 15.2
Fighting       | 3 4 5 6 7 9 10 11 12 | 12.0
Armour         | 1 2 3 4 5 6 |  6.7
Dodging        | 5 6 7 8 9 11 12 13 14 | 14.1
Invocations    | 3 6 7 |  7.8
Throwing       | |  2.0

Action                   |  1- 3 |  4- 6 |  7- 9 | 10-12 | 13-15 || total
-------------------------+-------+-------+-------+-------+-------++-------
Melee: Trident           |    53 |   127 |   526 |   781 |   106 ||  1593
       Tailslap          |       |       |       |     1 |       ||     1
Throw: Throwing net      |       |     4 |     4 |     7 |     2 ||    17
       Dart              |       |       |       |       |     1 ||     1
Invok: Divine Shield     |       |       |       |     1 |       ||     1
Evoke: Wand              |       |       |       |     2 |       ||     2
  Use: Scroll            |     3 |     5 |     5 |    11 |       ||    24
       Potion            |       |     4 |     1 |     8 |       ||    13
 Stab: Sleeping          |     1 |       |     7 |       |       ||     8
       Held in net/web   |       |     2 |     3 |       |       ||     5
Armor: Leather armour    |    11 |    35 |    88 |    56 |       ||   190
       Skin              |       |       |       |    18 |       ||    18
       Troll leather arm |       |       |       |    16 |     2 ||    18
Dodge: Dodged            |    23 |    77 |   303 |   465 |    48 ||   916
Block: Other             |       |       |       |     1 |       ||     1

Table legend: (Time is in decaauts)
 A = Elapsed time spent in this place.
 B = Non-inter-level travel time spent in this place.
 C = Inter-level travel time spent in this place.
 D = Time resting spent in this place.
 E = Time spent auto-exploring this place.
 F = Levels seen in this place.
 G = Mean time per level.
                   A        B        C        D        E       F      G
               +--------+--------+--------+--------+--------+-----+--------+
         Total |  16086 |  15842 |    244 |   3428 |   9997 |  13 | 1237.4 |
       Dungeon |  15619 |  15375 |    244 |   3428 |   9572 |  12 | 1301.6 |
        Temple |    466 |    466 |      0 |      0 |    425 |   1 |  466.0 |
               +--------+--------+--------+--------+--------+-----+--------+

Top non-repeatable levels by time:
    D:11: 2467 daAuts
     D:9: 2039 daAuts
     D:4: 1801 daAuts
     D:6: 1800 daAuts
     D:8: 1524 daAuts
     D:7: 1326 daAuts
    D:10: 1181 daAuts
     D:5: 881 daAuts
     D:2: 877 daAuts
    D:12: 618 daAuts
     D:1: 575 daAuts
     D:3: 523 daAuts
  Temple: 466 daAuts
